 Dungeon Crawl Stone Soup version 0.31-a0-182-gc5ef74bbde (webtiles) character file.

Game seed: 2752130413887664045

98168 fecund the Unseen (level 15, -4/77 HPs)
             Began as a Spriggan Enchanter on June 20, 2023.
             Was the Champion of Dithmenos.
             Slain by a merfolk
             ... wielding a +0 trident
              (15 damage)
             ... on level 3 of the Shoals on June 21, 2023.
             The game lasted 02:44:06 (29419 turns).

fecund the Unseen (Spriggan Enchanter)             Turns: 29419, Time: 02:44:07

Health: -4/77      AC:  6    Str:  4    XL:     15   Next: 74%
Magic:  30/30      EV: 24    Int: 30    God:    Dithmenos [******]
Gold:   2479       SH:  5    Dex: 16    Spells: 24/34 levels left

rFire   . . .        a - +1 dagger (elec)
rCold   + . .        B - +0 buckler
rNeg    . . .        O - +1 robe {rC+}
rPois   .            (helmet restricted)
rElec   .            b - +2 cloak
rCorr   .            (gloves unavailable)
SInv    +            (boots unavailable)
Will    +++..        l - amulet of magic regeneration Stlth ****++++++
                     e - ring of willpower
HPRegen 0.32/turn    g - +6 ring of intelligence
MPRegen 0.62/turn

%: no passive effects
@: wreathed by umbra, very quick
A: very small, no large weapons, unfitting armour, see invisible, speed 3
a: Renounce Religion, Shadow Step, Shadow Form


You were on level 3 of the Shoals.
You worshipped Dithmenos.
Dithmenos was exalted by your worship.
You visited 6 branches of the dungeon, and saw 23 of its levels.
You also visited: Ossuary.

You collected 2509 gold pieces.
You spent 30 gold pieces at shops.

Inventory:

Hand Weapons
 a - a +1 dagger of electrocution (weapon)
Missiles
 w - 6 throwing nets
Armour
 b - a +2 cloak (worn)
 B - a +0 buckler (worn)
 O - a +1 robe of cold resistance (worn)
 Z - a +1 robe of willpower
Jewellery
 e - a ring of willpower (left hand)
 g - a +6 ring of intelligence (right hand)
 l - an amulet of magic regeneration (around neck)
 r - a ring of protection from cold
 y - an amulet of regeneration
 A - an amulet of faith
 F - a ring of magical power
 H - an amulet of the acrobat
 I - a ring of positive energy
 N - a ring of ice
 Q - a ring of flight
 V - a ring of willpower
 W - a +5 ring of evasion
Wands
 x - a wand of iceblast (18)
 C - a wand of polymorph (16)
 J - a wand of paralysis (10)
 M - a wand of flame (5)
 S - a wand of acid (10)
Scrolls
 i - 4 scrolls of amnesia
 k - 9 scrolls of teleportation
 m - a scroll of noise {unknown}
 o - 2 scrolls of brand weapon
 s - 4 scrolls of enchant weapon {unknown}
 t - a scroll of summoning {unknown}
 D - 2 scrolls of fog {unknown}
 E - 4 scrolls of blinking
 G - 4 scrolls of revelation {unknown}
 K - a scroll of acquirement {unknown}
 X - a scroll of silence {unknown}
 Y - 3 scrolls of identify
Potions
 c - 6 potions of invisibility
 d - 2 potions of cancellation
 f - 2 potions of mutation
 h - a potion of attraction
 j - 10 potions of curing
 n - 3 potions of enlightenment
 p - 3 potions of brilliance
 q - 3 potions of heal wounds
 u - 3 potions of berserk rage
 v - 2 potions of haste {unknown}
 z - 4 potions of might
 L - 2 potions of magic {unknown}
 P - a potion of resistance {unknown}
 T - a potion of ambrosia {unknown}
 U - 3 potions of lignification
Miscellaneous
 R - a box of beasts


   Skills:
 + Level 8.2 Fighting
 + Level 10.1 Short Blades
 + Level 11.8 Dodging
 + Level 20.0 Stealth
 - Level 5.0 Shields
 - Level 10.0 Spellcasting
 + Level 19.6 Hexes
 - Level 5.0 Translocations
 + Level 4.1 Invocations
 + Level 1.7 Evocations


You had 24 spell levels left.
You knew the following spells:

 Your Spells              Type           Power      Damage    Failure   Level
a - Ensorcelled Hibernat  Hex/Ice        100%       N/A       1%          2
b - Dazzling Flash        Conj/Hex       100%       N/A       1%          3
c - Confusing Touch       Hex            93%        N/A       0%          3
d - Blink                 Tloc           90%        N/A       1%          2

Your spell library contained the following spells:

 Spells                   Type           Power      Damage    Failure   Level
 Tukima's Dance           Hex            93%        N/A       0%          3
 Lesser Beckoning         Tloc           90%        N/A       1%          2
 Portal Projectile        Hex/Tloc       100%       N/A       1%          3
 Fulminant Prism          Conj/Hex       32%        3d16      1%          4
 Leda's Liquefaction      Hex/Erth       32%        N/A       1%          4
 Gell's Gravitas          Tloc           45%        N/A       2%          3
 Teleport Other           Tloc           45%        N/A       2%          3
 Momentum Strike          Conj/Tloc      60%        3d9       3%          2
 Magic Dart               Conj           60%        1d6       6%          1
 Searing Ray              Conj           30%        2d5       10%         2
 Static Discharge         Conj/Air       30%        2-4/arc   10%         2
 Call Canine Familiar     Summ           15%        N/A       19%         3
 Frozen Ramparts          Ice            30%        1d5       19%         3
 Airstrike                Air            7%         2d(2-18)  52%         4
 Ice Form                 Ice/Tmut       15%        N/A       52%         4
 Summon Ice Beast         Ice/Summ       15%        N/A       52%         4
 Summon Lightning Spire   Summ/Air       15%        N/A       52%         4
 Dispersal                Tloc           22%        N/A       77%         6
 Alistair's Intoxication  Tmut/Pois      10%        N/A       86%         5
 Borgnjor's Vile Clutch   Necr/Erth      7%         N/A       86%         5
 Eringya's Noxious Bog    Tmut/Pois      7%         N/A       100%        6


Dungeon Overview and Level Annotations

Branches:
Dungeon (11/15)            Temple (1/1) D:4            Lair (5/5) D:8
 Shoals (3/4) Lair:2        Snake (1/4) Lair:2        Slime (0/5) Lair:4
    Orc (2/2) D:11            Elf (0/3) Orc:2       Ossuary (visited)

Altars:
Ashenzari
Cheibriados
Dithmenos
Elyvilon
Fedhas
Gozag
Hepliaklqana
Kikubaaqudgha
Makhleb
Nemelex Xobeh
Okawaru
Qazlal
Ru
Sif Muna
Trog
Uskayaw
Vehumet
Wu Jian
Xom
Yredelemnul
Zin
The Shining One
Jiyva

Shops:
D:7 (   D:9 :   D:11 (   Orc:2 :*[(   Shoals:1 =   Shoals:3 **([

Annotations:
D:2 exclusion: downstairs
D:3 3 runed translucent doors, rinse's ghost, amateur OpFi
D:7 exclusion: 2 downstairs
D:8 exclusions: downstairs and 2 more exclusions
D:10 3 runed translucent doors
Lair:2 2 transporters, exclusion: downstairs, Takou's ghost, journeyman AtFi
Lair:4 3 runed translucent doors, Zinwir's ghost, journeyman KoHu
Shoals:1 exclusion: 2 downstairs
Shoals:3 Jorgrun; Polyphemus
Snake:1 Nikola


Innate Abilities, Weirdness & Mutations

You are very small and have problems with some larger weapons.
You are too small for most types of armour.
You have supernaturally acute eyesight. (SInv)
You cover ground extremely quickly. (Speed+++)


Message History

The water nymph misses you.
Splash!
You fall into the shallow water.
Moving in this stuff is going to be slow.
The water nymph gestures at you while chanting.
The water swirls and strikes you!!
You emit a cloud of dark smoke.
You barely miss the water nymph.
Your shadow hits the water nymph with a dagger.
The water nymph completely misses you.
You barely miss the water nymph.
The water nymph is lightly wounded.
The water nymph completely misses you.
You hit the water nymph but do no damage.
The water nymph is lightly wounded.
Your shadow hits the water nymph with a dagger.
You block the merfolk's attack.
You barely miss the water nymph.
The water nymph is lightly wounded.
The water nymph completely misses you.
Splash!
You fall into the shallow water.
Moving in this stuff is going to be slow.
Splash!
You fall into the shallow water.
Moving in this stuff is going to be slow.
Splash!
You fall into the shallow water.
Moving in this stuff is going to be slow.
The water nymph attacks as you move away!
The water nymph touches you! The water nymph drowns you!
Your hands stop glowing.
You hit the water nymph.
The water nymph is moderately wounded.
The water nymph touches you! The water nymph drowns you!
* * * LOW HITPOINT WARNING * * *
Splash!
You fall into the shallow water.
Moving in this stuff is going to be slow.
The merfolk hits you from afar with a +0 trident!
You die...

.# #.........~~.~~~≈≈≈≈≈~..~~~~..
.# #...~.~~....).~~≈≈≈≈≈~..≈≈≈~~.
.####...~~≈.#.....~~~≈≈≈~.~~~.~~~
..#.....~≈≈~<......~~≈≈~.(~....~~
.........≈≈~..÷.~~..~~≈~.~~~~...~
..........~..~..~~..~~~~.~~~~....
.##.####........~......~~..~~...#
..### #.....~....#..§.......####
...#####..~~...#@...§........###.
###.......~~...~~..§§§§..........
.##...###..~...mm###§§§..........
......###..~...~~##§§.§.........~
.......#..~~~..~~§§m§§..~.....~~~
.........)~~~....§§§§..~~~....~~~
.≈.<.....~~~~.........~~~~....~.~
~≈≈.....~~~~~~~~~.~~~~~~~~~.....^
~≈≈~...~~~~≈~~~~~~~~~~~≈≈~~~.~...


You could see a merfolk and a water nymph.

Vanquished Creatures
  An orc warlord (Orc:1)
  An ettin (Orc:1)
  4 entropy weavers (D:10)
  2 merfolk impalers (Shoals:2)
  A hydra (Lair:5)
  Fannar (Lair:3)
  3 ghost crabs (D:10)
  2 alligator snapping turtles
  4 catoblepae
  2 centaur warriors
  A two-headed ogre (D:10)
  2 merfolk avatars (Shoals:2)
  A merfolk aquamancer (Shoals:1)
  11 death yaks
  A boulder beetle (Lair:1)
  2 naga warriors (Snake:1)
  Urug (Lair:3)
  3 orc high priests (Orc:2)
  A spriggan (Lair:4)
  6 fire crabs (D:10)
  5 skysharks
  9 sea snakes
  4 bog bodies (Shoals:1)
  A lindwurm (Lair:3)
  13 harpies
  4 orc knights (Orc:2)
  A cyclops (Shoals:1)
  7 manticores
  3 fauns
  4 orc sorcerers (Orc:2)
  6 elephants
  An apocalypse crab (D:10)
  5 black mambas
  Maurice (D:8)
  A naga mage (Lair:2)
  A torpor snail (Lair:2)
  4 merfolk sirens
  Joseph (D:9)
  An unseen horror (D:10)
  8 cane toads
  4 komodo dragons
  6 rime drakes
  Psyche (D:8)
  2 trolls
  4 wind drakes
  4 polar bears
  A hornet (Lair:4)
  14 merfolk
  4 blink frogs (Lair:2)
  4 dream sheep
  5 snapping turtles
  A shadow (D:10)
  6 wyverns
  73 yaks
  A vampire (D:10)
  7 water elementals
  2 basilisks
  A steam dragon (D:6)
  2 vampire mosquitoes (D:10)
  A warg (Orc:1)
  4 nagas
  An acid dragon (D:9)
  3 ice beasts
  20 water moccasins
  3 black bears
  34 orc warriors
  9 wolves
  6 centaurs
  9 ogres
  A phantom (D:5)
  A kobold brigand (D:6)
  15 bullfrogs
  5 scorpions
  2 gnoll sergeants
  4 water moccasin zombies (Ossuary)
  5 wights
  11 killer bees
  3 howler monkeys
  An electric eel (Lair:3)
  A bullfrog zombie (Ossuary)
  2 centaur zombies (Ossuary)
  4 hounds
  7 jellies
  7 gnoll boudas
  18 orc priests
  2 scorpion zombies (Ossuary)
  2 iguanas
  21 orc wizards
  11 hell rats
  An ogre zombie (Ossuary)
  28 gnolls
  10 adders
  A shadow imp (D:5)
  2 white imps
  An adder zombie (Ossuary)
  4 worms
  2 dart slugs
  67 orcs
  5 ball pythons
  3 bats
  8 endoplasms
  2 giant cockroaches
  4 gnoll zombies (Ossuary)
  12 goblins
  6 hobgoblins
  11 jackals
  4 quokkas
  2 frilled lizards (D:2)
  2 goblin zombies (Ossuary)
  5 hobgoblin zombies (Ossuary)
  10 kobolds
  5 orc zombies (Ossuary)
  5 rats
685 creatures vanquished.

Vanquished Creatures (others)
  A kobold (D:6)
1 creature vanquished.

Grand Total: 686 creatures vanquished

Notes
Turn   | Place    | Note
-------+----------+-------------------------------------------
     0 | D:1      | fecund the Spriggan Enchanter began the quest for the Orb.
     0 | D:1      | Reached XP level 1. HP: 9/9 MP: 5/5
   250 | D:1      | Reached XP level 2. HP: 13/13 MP: 6/6
   254 | D:1      | Learned a level 2 spell: Ensorcelled Hibernation
   255 | D:1      | Found a faded altar of an unknown god.
   488 | D:1      | Reached skill level 5 in Stealth
  1215 | D:2      | Reached XP level 3. HP: 16/16 MP: 5/8
  1804 | D:2      | Reached XP level 4. HP: 21/21 MP: 7/9
  1966 | D:2      | Learned a level 3 spell: Dazzling Flash
  1970 | D:2      | Learned a level 3 spell: Confusing Touch
  2100 | D:3      | Reached skill level 6 in Stealth
  2132 | D:3      | Found a runed translucent gate.
  2133 | D:3      | Found a runed translucent gate.
  2133 | D:3      | Noticed rinse's ghost (amateur OpFi)
  2134 | D:3      | Found a runed translucent gate.
  2137 | D:3      | Identified the +3 dagger of the Endless Expanse {freeze,
                  | Dex+4}
  2137 | D:3      | Identified the +0 ring mail of the Ancient Runes {Will+
                  | Regen+ Slay+2}
  2281 | D:3      | Noticed an ogre
  2464 | D:3      | Reached skill level 5 in Hexes
  2704 | D:3      | Found a shimmering blue altar of Sif Muna.
  2939 | D:4      | Reached XP level 5. HP: 24/24 MP: 10/10
  3071 | D:4      | Found a staircase to the Ecumenical Temple.
  3081 | Temple   | Entered the Ecumenical Temple
  3133 | Temple   | Became a worshipper of Dithmenos the Shadowed
  3434 | D:4      | Noticed an ice beast
  3448 | D:4      | Killed an ice beast
  3449 | D:4      | Reached skill level 7 in Stealth
  3449 | D:4      | Reached XP level 6. HP: 28/28 MP: 11/11
  3710 | D:4      | You fall into a shaft and drop 3 floors!
  3715 | D:7      | Noticed a water moccasin
  3731 | D:7      | Reached skill level 8 in Stealth
  3735 | D:7      | Killed a water moccasin
  3736 | D:7      | Reached skill level 5 in Dodging
  3764 | D:7      | Found Eramauw's Weapon Boutique.
  3809 | D:7      | Reached XP level 7. HP: 32/32 MP: 9/12
  4075 | D:7      | Reached * piety under Dithmenos
  4129 | D:6      | Found a hide-covered altar of Uskayaw.
  4140 | D:6      | Reached skill level 9 in Stealth
  4271 | D:6      | Reached XP level 8. HP: 36/36 MP: 11/13
  4308 | D:5      | Entered Level 5 of the Dungeon
  4589 | D:5      | Reached skill level 10 in Stealth
  4643 | D:5      | Found a sand-covered staircase.
  4649 | Ossuary  | Entered an ossuary
  4799 | Ossuary  | Reached ** piety under Dithmenos
  5062 | Ossuary  | Reached skill level 5 in Short Blades
  5086 | Ossuary  | Noticed a silent spectre
  5152 | D:5      | Found a stormy altar of Qazlal.
  5348 | D:5      | Found a broken altar of Ashenzari.
  5394 | D:5      | Reached XP level 9. HP: 39/39 MP: 14/14
  5989 | D:6      | Found a snail-covered altar of Cheibriados.
  6032 | D:6      | Reached *** piety under Dithmenos
  6040 | D:6      | Reached skill level 11 in Stealth
  6040 | D:6      | Reached skill level 10 in Hexes
  6182 | D:6      | Found an ornate altar of the Wu Jian Council.
  6189 | D:6      | Found an opulent altar of Gozag.
  7072 | D:7      | Found a burning altar of Makhleb.
  7120 | D:8      | Noticed a death yak
  7286 | D:8      | Noticed a death yak
  7345 | D:8      | Found an ancient bone altar of Kikubaaqudgha.
  7351 | D:8      | Found a white marble altar of Elyvilon.
  7353 | D:8      | Found a staircase to the Lair.
  7353 | D:8      | Noticed a death yak
  7596 | D:8      | Found a sacrificial altar of Ru.
  7683 | D:8      | Reached skill level 12 in Stealth
  7683 | D:8      | Reached XP level 10. HP: 44/44 MP: 14/16
  7699 | D:8      | Reached skill level 1 in Fighting
  8119 | D:8      | Noticed a death yak
  8148 | D:8      | Reached **** piety under Dithmenos
  8387 | D:8      | Noticed a death yak
  8400 | D:8      | Killed a death yak
  8619 | D:8      | Reached skill level 1 in Shields
  8952 | D:8      | Noticed Psyche
  8953 | D:8      | Noticed Maurice
  8955 | D:8      | Killed Psyche
  9084 | D:8      | Killed Maurice
  9345 | D:9      | Noticed Joseph
  9355 | D:9      | Killed Joseph
  9356 | D:9      | Reached skill level 13 in Stealth
  9435 | D:9      | Reached skill level 5 in Spellcasting
  9872 | D:9      | Found Enecy's Book Shoppe.
 10070 | D:9      | Reached XP level 11. HP: 52/52 MP: 20/20
 10288 | Lair:1   | Entered Level 1 of the Lair of Beasts
 10288 | Lair:1   | Noticed a boulder beetle
 10292 | Lair:1   | Killed a boulder beetle
 10491 | Lair:1   | Noticed a catoblepas
 10732 | Lair:1   | Killed a catoblepas
 10733 | Lair:1   | Reached skill level 14 in Stealth
 12166 | Lair:2   | Reached XP level 12. HP: 58/58 MP: 19/23
 12709 | Lair:2   | Found a staircase to the Snake Pit.
 12964 | Lair:2   | Reached ***** piety under Dithmenos
 12965 | Lair:2   | Reached skill level 15 in Stealth
 12978 | Lair:2   | Reached skill level 5 in Fighting
 13076 | Lair:2   | Found a transporter.
 13092 | Lair:2   | Noticed a four-headed hydra
 13096 | Lair:2   | Noticed Takou's ghost (journeyman AtFi)
 13096 | Lair:2   | Noticed a catoblepas
 13100 | Lair:2   | Found a transporter.
 13312 | Lair:2   | Found a staircase to the Shoals.
 13543 | Lair:3   | Reached skill level 15 in Hexes
 13719 | Lair:3   | Noticed Fannar
 13784 | Lair:3   | Killed Fannar
 13816 | Lair:3   | Noticed Urug
 13886 | Lair:3   | Killed Urug
 14492 | Lair:4   | Found the +3 pair of seven-league boots {Rampage+∞}
 14520 | Lair:4   | Found a runed translucent gate.
 14520 | Lair:4   | Found a runed translucent gate.
 14520 | Lair:4   | Found a runed translucent gate.
 14537 | Lair:4   | Noticed an ice dragon
 14595 | Lair:4   | Reached skill level 5 in Shields
 14595 | Lair:4   | Reached XP level 13. HP: 65/65 MP: 22/26
 14595 | Lair:4   | Noticed Zinwir's ghost (journeyman KoHu)
 14695 | Lair:4   | Reached skill level 16 in Stealth
 15329 | Lair:4   | Found a viscous altar of Jiyva.
 15339 | Lair:4   | Found a staircase to the Slime Pits.
 15593 | Lair:5   | Entered Level 5 of the Lair of Beasts
 15663 | Lair:5   | Reached ****** piety under Dithmenos
 17030 | Lair:5   | Reached skill level 10 in Spellcasting
 17417 | Lair:5   | Reached skill level 17 in Stealth
 18132 | Lair:5   | Reached XP level 14. HP: 70/70 MP: 29/29
 18435 | Snake:1  | Entered Level 1 of the Snake Pit
 18587 | Snake:1  | Noticed Nikola
 18902 | Shoals:1 | Entered Level 1 of the Shoals
 19592 | Shoals:1 | Learned a level 2 spell: Blink
 19822 | Shoals:1 | Found Maul's Jewellery Boutique.
 19932 | Shoals:1 | Reached skill level 1 in Translocations
 19944 | Shoals:1 | Reached skill level 10 in Short Blades
 21743 | Shoals:2 | Reached skill level 10 in Dodging
 21767 | Shoals:2 | Reached skill level 18 in Stealth
 22001 | Shoals:2 | HP: 2/72 [faun/sling bullet (15)]
 22868 | D:10     | Entered Level 10 of the Dungeon
 22873 | D:10     | Reached skill level 1 in Invocations
 22972 | D:10     | Found a runed translucent door.
 23388 | D:10     | Reached XP level 15. HP: 75/75 MP: 30/30
 23410 | D:10     | Found the +7 sceptre of Torment {pain, torment}
 23822 | D:10     | Found a runed translucent gate.
 23822 | D:10     | Found a runed translucent gate.
 23822 | D:10     | Found a runed translucent gate.
 24005 | D:10     | Found a basalt altar of Yredelemnul.
 24085 | D:10     | Identified the +3 chain mail of Kleptomania {Rampage rPois
                  | MP+9 Slay-3}
 24132 | D:10     | Found a hazy altar of Hepliaklqana.
 24133 | D:10     | Found a shimmering altar of Xom.
 24677 | D:11     | Found a staircase to the Orcish Mines.
 24678 | D:11     | Found Butuzuk's Weapon Shop.
 24755 | Orc:1    | Entered Level 1 of the Orcish Mines
 24757 | Orc:1    | Found a bloodstained altar of Trog.
 24910 | Orc:1    | Reached skill level 19 in Stealth
 25055 | Orc:2    | Entered Level 2 of the Orcish Mines
 26435 | Orc:2    | Found a staircase to the Elven Halls.
 26883 | Orc:2    | Found Meduex's General Store.
 26884 | Orc:2    | Found Jostum's Book Boutique.
 26885 | Orc:2    | Found Qogorr's Antique Armour Boutique.
 26885 | Orc:2    | Found Nikkomex's Antique Weapon Shop.
 26900 | Orc:2    | Bought a scroll of identify for 30 gold pieces
 28098 | Shoals:3 | Reached skill level 5 in Translocations
 28137 | Shoals:3 | Found Huerri's Visitors' Centre.
 28137 | Shoals:3 | Found Huerri's Merfolk Weapons.
 28143 | Shoals:3 | Found Huerri's Merfolk Magic.
 28143 | Shoals:3 | Found Huerri's Merfolk Armours.
 28193 | Shoals:3 | Noticed Polyphemus
 28470 | Shoals:3 | Noticed Jorgrun
 28607 | Shoals:3 | Reached skill level 1 in Evocations
 29042 | Shoals:3 | Reached skill level 20 in Stealth
 29419 | Shoals:3 | Slain by a merfolk

Illustrated notes

Levels and vault maps discovered:
D:1:      tarquinn_simple_flora_water_c, layout_basic, serial_forest,
          infiniplex_forest_clump_medium, infiniplex_forest_zigzag_1,
          infiniplex_forest_straight_2, infiniplex_forest_corner_2,
          infiniplex_forest_straight_5, infiniplex_forest_clump_C,
          basic_ecumenical_altar
D:2:      layout_basic, minivault_24
D:3:      layout_loops_ring, lemuel_doored_altar, biasface_ghost_orc_armoury
D:4:      layout_basic, minmay_temple_entry_tees
D:5:      layout_cave_pools, ashenzari_altar_1, kennysheep_little_box,
          nicolae_ossuary_entry_plus
D:6:      layout_gridville, mainiacjoe_overflow_boulevard,
          minmay_overflow_temple_star_quad
D:7:      layout_basic, makhleb_blood_cavern_becter, serial_shops,
          nicolae_shop_bloodbath_and_beyond, minmay_quadrilaterals
D:8:      kennysheep_seaside_town, layout_rooms, nicolae_ru_path_of_blood,
          mainiacjoe_overflow_catwalk_spiral, dpeg_lair_monsters,
          grunt_decor_resistance, nrook_loot_triangle, uniq_psyche, uniq_maurice
D:9:      layout_long_grid, serial_shops, nicolae_shop_hallway_plus, uniq_joseph
D:10:     gammafunk_mikee_crab_dinner, layout_loops_corners,
          regret_index_temple_of_mockery, lemuel_tele_altar,
          ploomutoo_gammafunk_ghost_potion_laboratory, dk_vineyard_2
D:11:     layout_grid_maze, orc_david_3, hangedman_abyss_or_decor_clamps,
          st_stairs_6, uniq_sonja
Temple:   nicolae_temple_superstar
Lair:1:   layout_gridlike
Lair:2:   layout_long_grid, minmay_shoals_entry_hut, nicolae_snake_entry_squirm,
          gammafunk_ghost_arena, beast_lair_carwin_2
Lair:3:   layout_gridlike, grunt_megastairs_3, serial_bayou_shore_b,
          uniq_fannar, uniq_urug
Lair:4:   layout_loops_ring, nicolae_slime_entry_field_trip,
          gammafunk_ghost_icy, grunt_forest_large_clearings
Lair:5:   evilmike_catoblepas_cave, layout_loops_ring
Shoals:1: layout_shoals, minmay_shop_enchanted_jewellery,
          nicolae_shoals_secluded_bog
Shoals:2: layout_shoals
Shoals:3: nicolae_shoals_mermall, layout_shoals, nicolae_shoals_mertower,
          uniq_polyphemus, uniq_jorgrun, uniq_ilsuiw
Snake:1:  layout_misc_corridors, serial_bayou_pond_b, nicolae_snake_omega,
          serial_bayou_shore_a, uniq_aizul, uniq_nikola
Orc:1:    layout_caves, basic_altar
Orc:2:    st_orc_congregation, layout_caves, nicolae_orc_jurassic_orc

Skill      XL: |  1  2  3  4  5  6  7  8  9 10 11 12 13 14 15 |
---------------+----------------------------------------------+-----
Dodging        | 3 4 5 6 7 8 10 11 | 11.8
Hexes          | 4 5 6 7 9 10 12 14 15 17 18 19 | 19.6
Stealth        | 5 6 7 8 9 10 12 13 14 15 17 18 20 | 20.0
Short Blades   | 2 5 7 9 10 | 10.1
Spellcasting   | 3 5 7 8 10 | 10.0
Fighting       | 3 4 5 6 7 8 |  8.2
Shields        | 2 3 5 |  5.0
Translocations | 4 5 |  5.0
Invocations    | 2 4 |  4.1
Evocations     | 1 |  1.7

Action                     |  1- 3 |  4- 6 |  7- 9 | 10-12 | 13-15 || total
---------------------------+-------+-------+-------+-------+-------++-------
  Melee: Dagger            |    78 |    82 |   232 |   345 |   611 ||  1348
         Punch             |       |       |     2 |       |       ||     2
   Cast: Ensorcelled Hiber |    25 |    50 |   101 |   187 |   434 ||   797
         Confusing Touch   |       |     2 |    15 |    18 |    27 ||    62
         Dazzling Flash    |       |       |       |    16 |    12 ||    28
 Invoke: Shadow Step       |       |       |       |     1 |       ||     1
  Evoke: Wand              |       |       |       |     1 |       ||     1
    Use: Scroll            |       |       |    12 |     1 |     7 ||    20
         Potion            |       |       |       |       |     6 ||     6
   Stab: Sleeping          |    26 |    42 |    71 |   149 |   265 ||   553
         Distracted        |     1 |       |       |     1 |     9 ||    11
         Confused          |       |     1 |    14 |    16 |    17 ||    48
         Invisible         |       |       |       |     5 |     2 ||     7
 Armour: Robe              |     6 |     2 |     6 |    12 |    27 ||    53
  Dodge: Dodged            |    55 |    60 |   145 |   226 |   370 ||   856
  Block: Buckler           |       |       |       |    40 |    98 ||   138

Table legend: (Time is in decaauts)
 A = Elapsed time spent in this place.
 B = Non-inter-level travel time spent in this place.
 C = Inter-level travel time spent in this place.
 D = Time resting spent in this place.
 E = Time spent auto-exploring this place.
 F = Levels seen in this place.
 G = Mean time per level.
                   A        B        C        D        E       F      G
               +--------+--------+--------+--------+--------+-----+--------+
         Total |  22191 |  21318 |    873 |   7201 |   6811 |  24 |  924.6 |
       Dungeon |   8423 |   8076 |    347 |   1622 |   3804 |  11 |  765.7 |
        Temple |     71 |     61 |     10 |      0 |     51 |   1 |   71.0 |
          Lair |   6532 |   6200 |    332 |   2130 |   1966 |   5 | 1306.4 |
        Shoals |   4816 |   4671 |    145 |   2641 |    511 |   3 | 1605.3 |
     Snake Pit |    116 |    114 |      2 |     16 |     29 |   1 |  116.0 |
  Orcish Mines |   1849 |   1814 |     35 |    674 |    449 |   2 |  924.5 |
       Ossuary |    382 |    382 |      0 |    117 |      0 |   1 |  382.0 |
               +--------+--------+--------+--------+--------+-----+--------+

Top non-repeatable levels by time:
Shoals:1: 2680 daAuts
  Lair:2: 1768 daAuts
Shoals:2: 1655 daAuts
  Lair:4: 1637 daAuts
     D:8: 1592 daAuts
  Lair:5: 1296 daAuts
   Orc:2: 1234 daAuts
    D:10: 1182 daAuts
  Lair:1: 1142 daAuts
     D:7: 1058 daAuts
     D:1: 766 daAuts
     D:9: 719 daAuts
  Lair:3: 687 daAuts
     D:2: 685 daAuts
     D:4: 663 daAuts
